 Dungeon Crawl Stone Soup version 0.28.0-45-g0d030f2227 (webtiles) character file.

Game seed: 15425882263603329347

4 NinjaNoafa the Sneak (level 1, -1/12 HPs)
             Began as a Kobold Brigand on Apr 3, 2022.
             Slain by a jackal (2 damage)
             ... on level 1 of the Dungeon.
             The game lasted 00:02:07 (151 turns).

NinjaNoafa the Sneak (Kobold Brigand)                Turns: 151, Time: 00:02:08

Health: -1/12      AC:  3    Str:  8    XL:     1   Next: 77%
Magic:  1/1        EV: 14    Int: 12    God:
Gold:   0          SH:  0    Dex: 16    Spells: 0/0 levels left

rFire   . . .      SeeInvis .   a - +3 dagger
rCold   . . .      Faith    .   (no shield)
rNeg    . . .      Spirit   .   b - +0 robe
rPois   .          Reflect  .   (no helmet)
rElec   .          Harm     .   c - +0 cloak
rCorr   .          Rampage  .   (no gloves)
Will    .....                   (no boots)
Stlth   ++++......              (no amulet)
HPRegen 0.04/turn               (no ring)
MPRegen 0.07/turn               (no ring)

@: no status effects
A: small, no large weapons, nightstalker 3
a: no special abilities


You were on level 1 of the Dungeon.
You visited 1 branch of the dungeon, and saw 1 of its levels.

Inventory:

Hand Weapons
 a - a +3 dagger (weapon)
Missiles
 d - 8 poisoned darts (quivered)
 e - 2 curare-tipped darts
Armour
 b - a +0 robe (worn)
 c - a +0 cloak (worn)


   Skills:
 + Level 2.2 Fighting
 + Level 2.8 Short Blades
 + Level 2.2 Throwing
 + Level 1.3 Dodging
 * Level 5.4 Stealth


You couldn't memorise any spells.
You didn't know any spells.
Your spell library was empty.

Dungeon Overview and Level Annotations

Branches:
Dungeon (1/15)

Altars:

Shops:
D:1 (


Innate Abilities, Weirdness & Mutations

You are small and have problems with some larger weapons.
You are completely attuned to the shadows.


Message History

You impale the quokka!!
You kill the quokka!
You see here a quokka corpse.
A jackal comes into view.
The jackal barks! x4; You hear an angry hiss.
The jackal misses you.
You hit the jackal but do no damage. The jackal misses you. x2
You closely miss the jackal.
The jackal bites you but does no damage.
The jackal bites you. The jackal barely misses you. x2
You barely miss the jackal. The jackal misses you.
The jackal bites you but does no damage.
The jackal misses you. The jackal bites you.
You barely miss the jackal. The jackal barely misses you. x2
The jackal bites you but does no damage.
As you read the scroll labelled AMUNASSAMM, it crumbles to dust.
It is a scroll of identify.
g - a scroll of enchant weapon A ball python comes into view.
The jackal bites you. x2
* * * LOW HITPOINT WARNING * * *
The jackal barely misses you.
You see here a quokka corpse.
The jackal closely misses you. The jackal closely misses you.
Found Lasainin's Weapon Emporium.
The jackal bites you but does no damage.
There is an entrance to Lasainin's Weapon Emporium here.
The jackal bites you but does no damage.
The jackal barely misses you.
As you read the scroll of enchant weapon, it crumbles to dust.
Your +2 dagger glows red for a moment.
The jackal closely misses you. The jackal barely misses you.
You aren't carrying any potions.
You hit the jackal.
The jackal is moderately wounded.
The jackal bites you.
* * * LOW HITPOINT WARNING * * *
The jackal bites you.
You die...

#........# .
#........#####..
#♣♣♣♣#.#........
♣P.♣♣♣..###.###.
♣P..♣♣♣.###.###.
♣♣PP♣P...##......
♣.....♣♣###)###..
#♣♣♣....♣ #.# ..
#@♣P.♣♣♣# #.###.#
#h#♣♣♣ #.....# #h#
##..## #h# #..#
#.###########..#
#...h.∩.....S..#
############...###
#...... #......


You could see 3 jackals.

Vanquished Creatures
  A goblin (D:1)
  2 quokkas (D:1)
  A ball python (D:1)
4 creatures vanquished.

Notes
Turn   | Place    | Note
-------+----------+-------------------------------------------
     0 | D:1      | NinjaNoafa the Kobold Brigand began the quest for the Orb.
     0 | D:1      | Reached XP level 1. HP: 12/12 MP: 1/1
   136 | D:1      | Found Lasainin's Weapon Emporium.
   151 | D:1      | Slain by a jackal

Illustrated notes

Levels and vault maps discovered:
D:1:      eino_arrival_tree_alley, layout_loops_ring, serial_forest,
          infiniplex_forest_clump_double, infiniplex_forest_clump_tiny,
          infiniplex_forest_end_2, infiniplex_forest_clump_diagonal,
          infiniplex_forest_lined_room_, infiniplex_forest_straight_1,
          infiniplex_forest_clump_double, serial_shops, shop

Action                   || total
-------------------------++-------
Melee: Dagger            ||     9
  Use: Scroll            ||     2
 Stab: Sleeping          ||     4
Armor: Robe              ||     5
Dodge: Dodged            ||    15
